 Dungeon Crawl Stone Soup version 0.28.0-53-g5a82cb258f (webtiles) character file.

Game seed: 8325295345780161623

5954 acdeimund the Spear-Bearer (level 10, -2/84 HPs)
             Began as a Merfolk Gladiator on July 27, 2022.
             Was a Priest of Okawaru.
             Slain by a seven-headed hydra (4 damage)
             ... on level 6 of the Dungeon on July 28, 2022.
             The game lasted 00:35:17 (10659 turns).

acdeimund the Spear-Bearer (Merfolk Gladiator)     Turns: 10659, Time: 00:35:18

Health: -2/84      AC:  5    Str: 15    XL:     10   Next: 84%
Magic:  0/13       EV: 24    Int:  7    God:    Okawaru [***...]
Gold:   161        SH:  0    Dex: 20    Spells: 9/9 levels left

rFire   + . .      SeeInvis +   a - +0 trident (flame)
rCold   + . .      Faith    .   (no shield)
rNeg    . . .      Spirit   +   y - +2 robe {rC+ rF+}
rPois   .          Reflect  .   c - +0 helmet
rElec   .          Harm     .   (no cloak)
rCorr   .          Rampage  .   (no gloves)
Will    .....                   (no boots)
Stlth   ++........              s - amulet of guardian spirit
HPRegen 0.24/turn               x - ring of see invisible
MPRegen 0.13/turn               (no ring)

@: confused, heroic, finesse-ful, ambrosia-drunk, studying Short Blades
A: (nimble swimmer 2), mertail
a: Renounce Religion, Heroism


You were on level 6 of the Dungeon.
You worshipped Okawaru.
Okawaru was most pleased with you.
You visited 2 branches of the dungeon, and saw 8 of its levels.

You collected 326 gold pieces.
You spent 165 gold pieces at shops.

Inventory:

Hand Weapons
 a - a +0 trident of flaming (weapon)
Missiles
 g - 4 boomerangs
 n - 4 silver boomerangs
 r - 3 atropa-tipped darts
 w - a poisoned dart
 A - 3 curare-tipped darts (quivered)
Armour
 b - a +1 leather armour
 c - a +0 helmet (worn)
 f - an orb of guile
 k - a +3 leather armour
 t - +0 gold dragon scales
 y - a +2 robe of resistance (worn)
Jewellery
 l - a ring of fire
 s - an amulet of guardian spirit (around neck)
 v - a +4 ring of evasion
 x - a ring of see invisible (left hand)
Wands
 d - a wand of flame (40)
 m - a wand of paralysis (5)
Scrolls
 h - 3 scrolls of fog
 i - 2 scrolls of magic mapping
 z - a scroll of blinking {unknown}
Potions
 e - 2 potions of brilliance
 j - 2 potions of cancellation
 o - 2 potions of curing
 p - a potion of ambrosia
 q - a potion of lignification {unknown}
 u - a potion of might
Miscellaneous
 B - a tin of tremorstones (2/2)


   Skills:
 + Level 9.7(14.7) Fighting
 * Level 13.3(18.3) Polearms
 - Level 2.0(7.0) Throwing
 + Level 11.9(16.9) Dodging
 + Level 2.4(7.4) Stealth
 + Level 4.7 Invocations


You had 9 spell levels left.
You didn't know any spells.
Your spell library contained the following spells:

 Spells                   Type           Power      Damage    Failure   Level
 Apportation              Tloc           0%         N/A       43%         1
 Stone Arrow              Conj/Erth      0%         3d7       80%         3
 Alistair's Intoxication  Tmut/Pois      0%         N/A       100%        5
 Manifold Assault         Tloc           0%         N/A       100%        5
 Statue Form              Tmut/Erth      0%         N/A       100%        6


Dungeon Overview and Level Annotations

Branches:
Dungeon (7/15)             Temple (1/1) D:5

Altars:
Elyvilon
Gozag
Hepliaklqana
Kikubaaqudgha
Makhleb
Nemelex Xobeh
Okawaru
Ru
Wu Jian
Xom
Zin

Shops:
D:5 *   D:7 (

Annotations:
D:3 1 runed translucent door, Crazy Yiuf
D:4 2 runed translucent doors, nshep25's ghost, amateur DsAK
D:7 2 runed translucent doors


Innate Abilities, Weirdness & Mutations

((You are very nimble when in or above water. (Stealth+, EV+, Speed+++)))
Your lower body shifts to a powerful aquatic tail in water.


Message History

Press: ? - help, Q - select action, (/) - cycle Shift-Dir - straight line, f - seven-headed hydra
Aim: a seven-headed hydra (82% to hit)
You throw a curare-tipped dart.
The curare-tipped dart barely misses the seven-headed hydra.
You gain the combat prowess of a mighty hero.
You puncture the seven-headed hydra! You burn the seven-headed hydra.
The seven-headed hydra is moderately wounded.
The seven-headed hydra closely misses you.
The seven-headed hydra completely misses you.
The seven-headed hydra bites you! The seven-headed hydra bites you.
The seven-headed hydra completely misses you.
The seven-headed hydra bites you! The seven-headed hydra bites you.
You can now deal lightning-fast blows.
You can no longer speed up your combat.
The seven-headed hydra bites you! The seven-headed hydra bites you.
The seven-headed hydra barely misses you.
The seven-headed hydra bites you!
The seven-headed hydra bites you but does no damage.
The seven-headed hydra bites you!
* * * LOW HITPOINT WARNING * * *
The seven-headed hydra bites you.
* * * LOW HITPOINT WARNING * * *
It was a potion of ambrosia.
You are confused.
You feel invigorated. The seven-headed hydra bites you!
* * * LOW HITPOINT WARNING * * *
The seven-headed hydra barely misses you.
The seven-headed hydra bites you but does no damage.
The seven-headed hydra barely misses you.
The seven-headed hydra misses you.
The seven-headed hydra closely misses you.
The seven-headed hydra bites you!
* * * LOW HITPOINT WARNING * * *
The seven-headed hydra bites you.
* * * LOW HITPOINT WARNING * * *
The seven-headed hydra bites you!
* * * LOW HITPOINT WARNING * * *
The seven-headed hydra bites you but does no damage.
The seven-headed hydra bites you.
You die...

..........###.##..........))..###
..........# #.####..............#
..........###.# #.#..........#.#
..............# #...............
#######.#...<#####.....##+#..###.
###>.........<...................
#............#..........#.#..###.
#.#.#.......>.......#.#.#.#...##.
#.#.#.###.......@...#.#...##.####
#.###.# #.#......D.....(......# #
#.....###.#.##...#.##.##..##.## #
########...........##.##..##.# #
##.............###.##.# ##
######.................##.# #.
#...####..####..#..###.##.# #.
#...##.........##.## #..#.# #.
##...#.....#######.# ##.#.# #.


You could see a seven-headed hydra.

Vanquished Creatures
  2 two-headed ogres (D:7)
  An ugly thing (D:7)
  A manticore (D:7)
  Grinder (D:3)
  A hornet (D:7)
  A shadow (D:7)
  A wraith (D:7)
  A yak (D:7)
  A vampire mosquito (D:7)
  Duvessa (D:5)
  A water moccasin (D:4)
  An orc warrior (D:6)
  3 sky beasts
  2 ice beasts (D:7)
  2 ogres
  2 necrophages (D:5)
  3 centaurs
  2 phantoms
  A scorpion (D:5)
  A wyvern skeleton (D:6)
  A water moccasin skeleton (D:5)
  Dowan (D:5)
  5 killer bees (D:7)
  3 wights (D:5)
  2 howler monkeys
  3 centaur zombies
  5 hounds
  A bullfrog zombie (D:7)
  2 orc priests
  3 jellies
  Jessica (D:3)
  Ijyb (D:3)
  5 iguanas
  2 orc wizards
  A scorpion zombie (D:5)
  2 killer bee zombies (D:7)
  A hound zombie (D:5)
  Robin (D:3)
  A howler monkey skeleton (D:7)
  9 adders
  An ufetubus (D:4)
  2 dart slugs
  16 orcs
  4 ball pythons
  2 endoplasms
  5 giant cockroaches
  9 hobgoblins
  2 quokkas
  2 bats (D:2)
  2 frilled lizards (D:1)
  18 goblins
  5 kobolds
  2 rats (D:3)
149 creatures vanquished.

Vanquished Creatures (others)
  7 plants (D:7)
7 creatures vanquished.

Grand Total: 156 creatures vanquished

Notes
Turn   | Place    | Note
-------+----------+-------------------------------------------
     0 | D:1      | acdeimund the Merfolk Gladiator began the quest for the
                  | Orb.
     0 | D:1      | Reached XP level 1. HP: 16/16 MP: 1/1
   458 | D:1      | Reached XP level 2. HP: 23/23 MP: 2/2
   467 | D:1      | Found a faded altar of an unknown god.
   779 | D:2      | Reached skill level 5 in Polearms
   782 | D:2      | Reached XP level 3. HP: 20/28 MP: 3/3
   871 | D:2      | You fall into a shaft and drop 1 floor!
  1005 | D:2      | Reached XP level 4. HP: 15/35 MP: 4/4
  1482 | D:2      | Reached skill level 5 in Dodging
  1872 | D:3      | Noticed Ijyb
  1885 | D:3      | Paralysed by Ijyb for 5 turns
  1890 | D:3      | Killed Ijyb
  1971 | D:3      | Noticed Robin
  2016 | D:3      | Killed Robin
  2017 | D:3      | Reached XP level 5. HP: 11/41 MP: 5/5
  2325 | D:3      | Reached skill level 6 in Polearms
  2512 | D:3      | Noticed Grinder
  2535 | D:3      | Paralysed by Grinder for 5 turns
  2549 | D:3      | Killed Grinder
  2550 | D:3      | Reached skill level 7 in Polearms
  2550 | D:3      | Reached XP level 6. HP: 6/49 MP: 6/6
  2816 | D:3      | Noticed Jessica
  2828 | D:3      | Killed Jessica
  2867 | D:3      | Reached XP level 7. HP: 55/55 MP: 7/7
  3347 | D:3      | Found a runed translucent door.
  3348 | D:3      | Noticed Crazy Yiuf
  4094 | D:4      | Reached skill level 5 in Fighting
  4473 | D:4      | Reached skill level 8 in Polearms
  4544 | D:4      | Found a runed translucent door.
  4610 | D:4      | Noticed nshep25's ghost (amateur DsAK)
  4640 | D:4      | Found a runed translucent door.
  4842 | D:5      | Entered Level 5 of the Dungeon
  4842 | D:5      | Noticed Duvessa
  4842 | D:5      | Noticed Dowan
  5077 | D:5      | Reached XP level 8. HP: 61/64 MP: 8/8
  5440 | D:5      | Found a staircase to the Ecumenical Temple.
  5471 | D:5      | Reached skill level 9 in Polearms
  5550 | D:5      | Killed Duvessa
  5775 | D:5      | Killed Dowan
  6487 | D:5      | Reached skill level 10 in Polearms
  6651 | D:5      | Reached XP level 9. HP: 71/72 MP: 9/9
  6842 | Temple   | Entered the Ecumenical Temple
  6916 | Temple   | Became a worshipper of Warmaster Okawaru
  7053 | D:5      | Found Jididiot's Assorted Antiques.
  7059 | D:5      | Bought a fuming white potion for 21 gold pieces
  7059 | D:5      | Bought a scroll labelled IPRUYCS NIATYA for 24 gold pieces
  7059 | D:5      | Bought a glowing ruby amulet for 120 gold pieces
  7992 | D:6      | Reached skill level 10 in Dodging
  8162 | D:7      | Found a sacrificial altar of Ru.
  8202 | D:7      | Reached skill level 11 in Polearms
  8311 | D:7      | Reached * piety under Okawaru
  8599 | D:7      | Noticed a two-headed ogre
  8657 | D:7      | Noticed a seven-headed hydra
  8927 | D:7      | Reached skill level 1 in Invocations
  9032 | D:7      | Found an opulent altar of Gozag.
  9034 | D:7      | Noticed a hornet
  9144 | D:7      | Found a runed translucent door.
  9144 | D:7      | Found a runed translucent door.
  9144 | D:7      | Noticed a troll
  9212 | D:7      | Reached ** piety under Okawaru
  9212 | D:7      | Noticed a manticore
  9221 | D:7      | Killed a manticore
  9222 | D:7      | Reached skill level 12 in Polearms
  9222 | D:7      | Reached XP level 10. HP: 68/83 MP: 5/12
  9322 | D:7      | Killed a two-headed ogre
  9569 | D:7      | Got the Reference Book on Dusty Dislocation
  9655 | D:7      | Noticed a green ugly thing
  9759 | D:7      | Killed a green ugly thing
  9759 | D:7      | Reached *** piety under Okawaru
  9760 | D:7      | Reached skill level 1 in Stealth
  9959 | D:7      | Noticed a two-headed ogre
 10078 | D:7      | Killed a two-headed ogre
 10078 | D:7      | Reached **** piety under Okawaru
 10079 | D:7      | Reached skill level 13 in Polearms
 10106 | D:7      | Found Yhev's Weapon Shoppe.
 10659 | D:6      | HP: 2/84 [seven-headed hydra (9)]
 10659 | D:6      | Slain by a seven-headed hydra

Illustrated notes

Levels and vault maps discovered:
D:1:      dpeg_arrival_round_c, layout_loops_ring,
          hellmonk_ecumenical_altar_prayer_group, columned_hall_lemuel
D:2:      layout_basic, minmay_hedge_maze
D:3:      layout_basic, hangedman_decor_growths, uniq_ijyb,
          uniq_crazy_yiuf_cottage, uniq_robin, uniq_jessica, uniq_grinder
D:4:      layout_loops_ring, ebering_ghost_sewer_f
D:5:      layout_loops_ring, temple_green, serial_shops,
          nicolae_shop_statue_plus, minmay_manual_macuahuitl, uniq_duvessa
D:6:      layout_basic, eino_tiny_chamber
D:7:      minmay_the_grid_triangle_9x9_recursive_2
          [minmay_the_grid_triangle_9x9_prize_schism,
          minmay_the_grid_triangle_9x9_skeleton,
          minmay_the_grid_triangle_9x9_flanged_cone,
          minmay_the_grid_triangle_9x9_tough_junction], layout_basic,
          mainiacjoe_overflow_chevrons, mainiacjoe_overflow_catwalk,
          serial_shops, nicolae_shop_bloodbath_and_beyond,
          kennysheep_nondescript, minmay_misc_feat_x
Temple:   dpeg_five_rooms_temple

Skill      XL: |  1  2  3  4  5  6  7  8  9 10 |
---------------+-------------------------------+-----
Polearms       | 5 7 8 10 12 13 | 13.3
Fighting       | 3 4 5 7 9 |  9.7
Dodging        | 5 6 7 9 11 | 11.9
Invocations    | 3 4 |  4.7
Stealth        | 2 |  2.4
Throwing       | |  2.0

Action                   |  1- 3 |  4- 6 |  7- 9 | 10-12 || total
-------------------------+-------+-------+-------+-------++-------
Melee: Trident           |    45 |   153 |   498 |    80 ||   776
       Punch             |       |     2 |     8 |     1 ||    11
Throw: Throwing net      |       |     4 |     1 |       ||     5
       Dart              |       |       |     5 |     7 ||    12
       Boomerang         |       |       |     5 |     1 ||     6
Invok: Heroism           |       |       |     1 |     4 ||     5
       Finesse           |       |       |       |     1 ||     1
Evoke: Wand              |       |       |     2 |     2 ||     4
  Use: Potion            |       |     3 |       |     2 ||     5
       Scroll            |       |       |    13 |       ||    13
 Stab: Held in net/web   |       |     5 |     2 |       ||     7
       Sleeping          |       |     1 |     1 |       ||     2
       Invisible         |       |       |     1 |       ||     1
Armor: Leather armour    |     6 |    23 |    93 |       ||   122
       Robe              |       |       |       |     6 ||     6
Dodge: Dodged            |    21 |    65 |   301 |    64 ||   451
